AoeStats
← | ArCas | Toruk Makto

Hill Fort

505129876Analyzed
4v4 RM · 24d ago on Sep 8, 2026· 48m 57s· 8 players
Game mode
Random Map
Map size
Large (8 player)
Population
200
Speed
Normal
Resources
Standard
Victory
Conquest
Starting age
Dark Age
Ending age
Imperial Age
RankedLock teamsTeams togetherTeam positionsShared explorationLock speedFull tech treeHidden civsTurbo modeCheats
Victory
Defeat
🇦🇷 Berbers · Argentina
1278
+14
🇲🇽 Tatars · Mexico
1209
+17
🇹🇼 Sicilians · Taiwan
1184
+18
🇦🇷 Ethiopians · Argentina
1183
+17
🇧🇷 Aztecs · Brazil
1252
-18
🇧🇷 Tupi · Brazil
1243
-17
🇧🇷 Italians · Brazil
1219
-16
🇧🇷 Vikings · Brazil
1198
-15
xblxavier
10:36 Feudal Age
15:33 Castle Age
14:16 Double-Bit Axe
14:25 Horse Collar
14:50 Loom
15:33 Gold Mining
16:35 Fletching
19:03 Bodkin Arrow
21:05 Wheelbarrow
21:30 Bow Saw
22:34 Padded Archer Armor
24:07 Ballistics
25:27 Loom
28:01 Leather Archer Armor
27:48 Heavy Plow
29:50 Gold Shaft Mining
29:18 Stone Mining
31:43 Hand Cart
34:17 Bloodlines
34:07 Husbandry
38:48 Imperial Age
36:05 Town Watch
36:52 Silk Armor
39:46 Bracer
40:48 Chemistry
41:46 Heavy Cavalry Archer
43:55 Crop Rotation
44:00 Town Patrol
45:49 Ring Archer Armor
46:35 Conscription
lestear
8:26 Loom
11:10 Feudal Age
11:33 Horse Collar
11:40 Double-Bit Axe
13:33 Forging
21:33 Castle Age
19:45 Gold Mining
20:14 Scale Mail Armor
20:57 Stone Mining
21:33 Fletching
22:39 Wheelbarrow
21:50 Town Watch
22:33 Chain Mail Armor
22:39 Bodkin Arrow
24:05 Bow Saw
24:59 Pikeman
27:40 Iron Casting
28:32 Heavy Plow
28:47 Squires
30:35 Hand Cart
34:55 Imperial Age
32:55 Arson
34:28 Scale Barding Armor
35:53 Gold Shaft Mining
35:22 Elite Serjeant
36:59 Crop Rotation
36:52 Conscription
37:48 First Crusade
39:01 Plate Mail Armor
39:36 Blast Furnace
39:08 Bracer
39:45 Town Patrol
40:44 Chain Barding Armor
39:48 Capped Ram
43:08 Plate Barding Armor
43:14 Hoardings
45:12 Guilds
45:48 Masonry
46:40 Chemistry
49:21 Stone Shaft Mining
| ArCas | Toruk Makto
9:22 Feudal Age
9:18 Loom
11:00 Double-Bit Axe
10:57 Horse Collar
15:15 Forging
16:35 Scale Barding Armor
19:24 Bloodlines
22:09 Castle Age
20:30 Gold Mining
21:57 Wheelbarrow
23:13 Chain Barding Armor
23:29 Iron Casting
25:13 Husbandry
26:30 Town Watch
30:25 Hand Cart
34:59 Light Cavalry
39:41 Imperial Age
38:12 Bow Saw
37:56 Stone Mining
38:41 Gold Shaft Mining
39:48 Cavalier
41:37 Blast Furnace
41:13 Plate Barding Armor
41:14 Conscription
44:31 Stone Shaft Mining
48:05 Hoardings
47:26 Fletching
Paint
5:10 Loom
11:01 Feudal Age
11:36 Horse Collar
13:23 Double-Bit Axe
19:30 Castle Age
17:39 Stone Mining
18:09 Fletching
20:16 Town Watch
20:39 Bodkin Arrow
20:46 Scale Mail Armor
20:58 Forging
20:51 Heavy Plow
24:43 Bow Saw
27:47 Wheelbarrow
27:57 Gold Mining
33:58 Imperial Age
32:27 Chain Mail Armor
32:44 Hand Cart
33:03 Town Patrol
33:18 Royal Heirs
34:23 Iron Casting
35:19 Conscription
34:22 Elite Shotel Warrior
35:44 Plate Mail Armor
36:15 Blast Furnace
36:05 Gold Shaft Mining
36:50 Two-Man Saw
40:48 Squires
40:34 Arson
44:33 Caravan
45:05 Coinage
ZePablo
11:15 Feudal Age
9:37 Loom
14:56 Castle Age
13:19 Town Watch
14:40 Double-Bit Axe
14:36 Horse Collar
17:53 Fletching
19:08 Bodkin Arrow
19:15 Padded Archer Armor
28:20 Heavy Plow
28:35 Bow Saw
29:29 Wheelbarrow
32:18 Imperial Age
35:36 Imperial Age
37:32 Curare
36:55 Crossbowman
37:53 Bracer
38:02 Arbalester
40:23 Ballistics
41:05 Chemistry
43:29 Hand Cart
rubensleiteramalho
0:27 Loom
9:55 Feudal Age
10:55 Horse Collar
11:00 Double-Bit Axe
21:01 Castle Age
19:03 Stone Mining
20:14 Padded Archer Armor
21:06 Fletching
22:29 Bow Saw
22:52 Bodkin Arrow
23:13 Heavy Plow
23:04 Gold Mining
24:49 Gold Shaft Mining
24:47 Scale Mail Armor
27:20 Chain Mail Armor
30:33 Chieftains
32:52 Elite Skirmisher
33:51 Leather Archer Armor
33:47 Forging
39:36 Imperial Age
40:59 Crop Rotation
42:03 Murder Holes
42:42 Plate Mail Armor
42:01 Elite Berserk
44:38 Iron Casting
47:52 Conscription
Alex_AoE
11:06 Feudal Age
12:41 Double-Bit Axe
18:50 Wheelbarrow
21:20 Castle Age
20:18 Fletching
20:21 Fishing Lines
21:03 Padded Archer Armor
22:31 Bodkin Arrow
22:56 Leather Archer Armor
22:10 Elite Skirmisher
23:06 Bow Saw
28:53 Scale Mail Armor
29:12 Forging
28:49 Arson
29:05 Squires
28:29 Eagle Warrior
28:55 Gambesons
30:09 Chain Mail Armor
33:01 Iron Casting
33:31 Town Watch
33:32 Loom
33:33 Horse Collar
35:35 Heavy Plow
36:18 Gold Mining
36:18 Stone Mining
37:18 Hand Cart
37:03 Town Patrol
40:14 Imperial Age
37:52 Crossbowman
38:39 Gillnets
39:59 Gold Shaft Mining
40:00 Stone Shaft Mining
40:23 Elite Eagle Warrior
41:34 Plate Mail Armor
42:05 Blast Furnace
42:14 Conscription
42:22 Garland Wars
42:33 Bracer
44:16 Blast Furnace
42:56 Pikeman
45:02 Crop Rotation
XydanAlves
9:20 Feudal Age
11:22 Double-Bit Axe
17:19 Castle Age
18:33 Wheelbarrow
21:10 Fletching
21:48 Bodkin Arrow
31:48 Bow Saw
32:27 Padded Archer Armor
37:34 Silk Road
37:59 Hand Cart
39:29 Leather Archer Armor
45:29 Imperial Age
Connection lost

Rejoining the realm…

Still unreachable

The connection could not be restored.

Session expired

The server has moved on; the page needs a fresh start.